 Dungeon Crawl Stone Soup version 0.17-a0-1798-g879a7aa (webtiles) character file.

545 ololoev the Cudgeler (level 7, 41/55 HPs)
             Began as a White Draconian Skald on Sept 10, 2015.
             Was a Follower of Vehumet.
             Quit the game on level 5 of the Dungeon.
             The game lasted 00:13:18 (5885 turns).

ololoev the Cudgeler (White Draconian Skald)        Turns: 5885, Time: 00:13:19

Health: 41/55      AC: 13    Str: 13 (15) XL:     7   Next: 6%
Magic:  9/12       EV: 12    Int: 13      God:    Vehumet [*.....]
Gold:   218        SH:  0    Dex: 11      Spells: 3 memorised, 8 levels left

rFire  . . .     SeeInvis .     a - +1 flail (protect)
rCold  + + .     Clarity  .     (armour unavailable)
rNeg   . . .     SustAt   .     (no shield)
rPois  .         Gourm    .     (helmet restricted)
rElec  .         Spirit   .     (no cloak)
rCorr  .         Warding  .     d - +1 pair of gloves
rMut   .         Stasis   .     (no boots)
MR     .....                    (no amulet)
Stlth  +.........               (no ring)
                                y - ring of protection from cold

@: infused, not resistant to hostile enchantments, very unstealthy
A: breathe frost, unfitting armour, cold resistance 1, cold-blooded, AC +6
a: Breathe Frost, Renounce Religion


Innate Abilities, Weirdness & Mutations

You can breathe waves of freezing cold.
You can buffet flying creatures when you breathe cold.
Your icy white scales are hard (AC +6).
Your body does not fit into most forms of armour.
Your flesh is cold resistant.
You are cold-blooded and may be slowed by cold attacks.

Inventory:

Hand weapons
 a - a +1 flail of protection (weapon)
Missiles
 b - 84 stones
 t - 8 silver javelins (quivered)
Armour
 d - a +1 pair of gloves (worn)
 e - the cursed +0 helmet of Oblivion {-Tele rC++, unknown}
   (You found it on level 4 of the Dungeon)

   It greatly protects you from cold.
   It prevents most forms of teleportation.
   It has a curse placed upon it.
Jewellery
 y - a ring of protection from cold (left hand)
Scrolls
 g - 6 scrolls of remove curse
Potions
 i - a potion of brilliance
 l - a potion of magic
Books
 w - a book of Battle

   Spells                             Type                      Level
   a - Infusion                       Charms                       1
   b - Shroud of Golubria             Charms/Translocation         2
   c - Song of Slaying                Charms                       2
   d - Spectral Weapon                Hexes/Charms                 3
   e - Regeneration                   Charms/Necromancy            3
Comestibles
 c - 3 bread rations
 f - 3 chunks of flesh
 h - 4 fruits
 r - 2 meat rations


   Skills:
 - Level 2.1 Fighting
 - Level 5.3 Maces & Flails
 - Level 0.6 Throwing
 - Level 1.3 Dodging
 + Level 3.4 Spellcasting
 - Level 2.6 Charms
 * Level 4.2 Earth Magic


You had 8 spell levels left.
You knew the following spells:

 Your Spells              Type           Power        Failure   Level  Hunger
a - Infusion              Chrm           #.....       10%         1    #......
b - Song of Slaying       Chrm           #.......     12%         2    ##.....
c - Sandblast             Erth           ##....       4%          1    #......


You were on level 5 of the Dungeon.
You worshipped Vehumet.
Vehumet was aware of your devotion.
You were not hungry.

You visited 1 branch of the dungeon, and saw 5 of its levels.

You collected 218 gold pieces.

### ### #.# #.# ###
#.###.# ..# #.....#
#.####.###.##
............#
#.##.....#..######
#.##.....#....(..#
#.##.....##.####@#
#.##.....##.#..#)# #
#.##.....##.#....##.#
#.##.....##.##......#
#.##.....................
#.#########.#.........c..
#.# #..............
#.##########.............
#.................$......

Notes
Turn   | Place    | Note
--------------------------------------------------------------
     0 | D:1      | ololoev the Draconian Skald began the quest for the Orb.
     0 | D:1      | Reached XP level 1. HP: 17/17 MP: 3/3
   132 | D:1      | Reached XP level 2. HP: 14/24 MP: 0/5
   147 | D:1      | Learned a level 2 spell: Song of Slaying
   393 | D:1      | Reached skill level 3 in Maces & Flails
   887 | D:1      | Reached XP level 3. HP: 29/29 MP: 6/6
  1373 | D:2      | Reached skill level 4 in Maces & Flails
  1666 | D:2      | Reached XP level 4. HP: 34/36 MP: 4/7
  1894 | D:2      | Found a shattered altar of Ashenzari.
  2387 | D:3      | Reached skill level 5 in Maces & Flails
  2401 | D:3      | Found a sacrificial altar of Ru.
  2583 | D:3      | Noticed Jessica
  2595 | D:3      | Killed Jessica
  2595 | D:3      | Reached XP level 5. HP: 29/41 MP: 4/8
  2672 | D:3      | Found a faded altar to an unknown god.
  2683 | D:3      | Became a worshipper of Vehumet
  2683 | D:3      | Acquired Vehumet's first power
  2683 | D:3      | Offered knowledge of Sandblast by Vehumet.
  2685 | D:3      | Learned a level 1 spell: Sandblast
  2879 | D:3      | Noticed ololoev's ghost (average DrSk)
  3279 | D:3      | Found a burning altar of Makhleb.
  3456 | D:2      | Reached skill level 1 in Earth Magic
  4031 | D:4      | Found a staircase to the Ecumenical Temple.
  4038 | D:4      | Noticed a wyvern
  4162 | D:4      | Got a twisted helmet
  4885 | D:4      | Reached XP level 6. HP: 4/48 MP: 1/9
  4947 | D:5      | Entered Level 5 of the Dungeon
  5067 | D:5      | Noticed Stormsson's ghost (experienced SpCj)
  5359 | D:5      | Noticed Blork the orc
  5369 | D:5      | Killed Blork the orc
  5883 | D:5      | Your scales start taking on an icy white colour.
  5883 | D:5      | Gained mutation: Your flesh is cold resistant. [White Draconian growth]
  5883 | D:5      | Reached XP level 7. HP: 41/55 MP: 9/12
  5885 | D:5      | Quit the game

Dungeon Overview and Level Annotations

Branches:
Dungeon (5/15)             Temple (0/1) D:4

Altars:
Ashenzari
Makhleb
Ru
Vehumet

Annotations:
D:3 ololoev's ghost, average DrSk
D:5 Stormsson's ghost, experienced SpCj


Message History

w - Wait here. f - Follow me.
Anything else - Stay silent.
You shout for attention!
You hear a shout!
Things that are here:
a dagger; an orc skeleton What do you say? t - Shout!
Orders for allies: a - Attack new target. r - Retreat! s - Stop attacking. w - Wait here. f - Follow me.
Anything else - Stay silent.
You shout for attention!
You hear a shout!
You start waiting.
The centaur wields a shortbow.
The centaur shoots an arrow.
The arrow misses you.
The centaur unwields an uncursed shortbow.
The centaur barely misses you.
Casting: Infusion
Confirm with . or Enter, or press ? or * to list all spells.
You begin infusing your attacks with magical energy.
The centaur barely misses you.
You sock the centaur!
The centaur is heavily wounded.
The centaur hits you. The centaur closely misses you.
You closely miss the centaur.
The centaur is moderately wounded.
The centaur hits you. x2
You hit the centaur.
The centaur is severely wounded.
The centaur hits you.
You sock the centaur!
You kill the centaur!
Vehumet accepts your kill.
Your Earth Magic skill increases to level 4!
You have reached level 7!
Your scales start taking on an icy white colour.
You feel resistant to cold.
You feel your strength returning.
Things that are here:
an uncursed shortbow; 20 arrows Are you sure you want to abandon this character and quit the game? (Confirm with "yes".)

There were no monsters in sight!

Vanquished Creatures
  2 centaurs (D:5)
  Blork the orc (D:5)
  A worker ant (D:4)
  Jessica (D:3)
  An orc priest (D:4)
  7 adders
  3 gnolls (D:5)
  A shadow imp (D:5)
  A worker ant zombie (D:4)
  3 oozes
  A worm (D:3)
  4 giant geckos
  7 orcs
  2 ball pythons
  10 bats
  6 giant cockroaches
  11 hobgoblins
  A quokka (D:3)
  3 giant newts (D:1)
  11 goblins
  18 jackals
  5 kobolds
  6 rats
106 creatures vanquished.

Action                   |  1- 3 |  4- 6 |  7- 9 || total
-------------------------+-------+-------+-------++-------
Melee: Mace              |   122 |   269 |       ||   391
       Flail             |       |    20 |       ||    20
Throw: Javelin           |       |    12 |       ||    12
 Cast: Infusion          |     5 |     5 |       ||    10
       Song of Slaying   |     2 |     5 |       ||     7
       Sandblast         |       |    18 |       ||    18
  Use: Potion            |       |    17 |       ||    17
       Scroll            |       |    13 |       ||    13
 Stab: Sleeping          |       |     3 |       ||     3
       Invisible         |       |     2 |       ||     2
  Eat: Chunk             |     3 |    15 |       ||    18

Vault maps used:
D:1:      grunt_arrival_crossed_arrows
D:2:      nicolae_ashenzari_panopticon
D:3:      overflow_temple_1_default, nicolae_overflow_hidden_temple,
          ecumenical_altar_2, first_bread, serial_bayou_pond_d, uniq_jessica
D:4:      minmay_temple_entry_trees
D:5:      uniq_blork_the_orc, uniq_eustachio
